 Dungeon Crawl Stone Soup version 0.27.0-65-ge2af304b15 (webtiles) character file.

Game seed: 7323329939348431518

271 canonizer the Chopper (level 6, 0/38 HPs)
             Began as a Gargoyle Berserker on Aug 18, 2021.
             Was a Believer of Trog.
             Slain by Grinder (1 damage)
             ... on level 3 of the Dungeon.
             The game lasted 00:02:57 (2896 turns).

canonizer the Chopper (Gargoyle Berserker)          Turns: 2896, Time: 00:02:57

Health: 0/38       AC:  8    Str: 23    XL:     6   Next: 23%
Magic:  6/6        EV: 12    Int:  7    God:    Trog [**....]
Gold:   83         SH:  0    Dex:  9    Spells: 5/5 levels left

rFire    . . .     SeeInvis .   a - +0 hand axe
rCold    . . .     Faith    .   (no shield)
rNeg     + . .     Spirit   .   b - +0 animal skin
rPois    ∞         Reflect  .   i - +2 hat
rElec    +         Harm     .   (no cloak)
rCorr    .         Rampage  .   (no gloves)
Will     ++...                  (no boots)
Stlth    +.........             (no amulet)
HPRegen  1.12/turn              (no ring)
MPRegen  0.10/turn              (no ring)

@: strong-willed (expiring), on berserk cooldown, regenerating (expiring),
slowed, very slow
A: sickness immunity, AC +4, negative energy resistance 1, electricity
resistance, torment resistance 1, petrification resistance
a: Renounce Religion, Berserk, Trog's Hand


You were on level 3 of the Dungeon.
You worshipped Trog.
Trog was pleased with you.
You visited 1 branch of the dungeon, and saw 3 of its levels.

You collected 83 gold pieces.

Inventory:

Hand Weapons
 a - a +0 hand axe (weapon)
Armour
 b - a +0 animal skin (worn)
 i - a +2 hat (worn)
Scrolls
 c - a scroll of enchant weapon {unknown}
 d - a scroll of enchant armour {unknown}
 e - a scroll of holy word {unknown}
 j - 4 scrolls of identify {unknown}
 k - a scroll of fear {unknown}
 m - a scroll of blinking {unknown}
Potions
 f - 2 potions of curing
 g - a potion of lignification {unknown}
 h - a potion of heal wounds {unknown}
 l - a potion of cancellation {unknown}
 n - a potion of attraction {unknown}


   Skills:
 + Level 4.2 Fighting
 + Level 4.6 Axes
 + Level 2.3 Armour
 + Level 3.0 Dodging
 + Level 1.5 Stealth


You had 5 spell levels left.
You didn't know any spells.
Your spell library was empty.

Dungeon Overview and Level Annotations

Branches:
Dungeon (3/15)

Altars:

Annotations:
D:3 Grinder, Robin


Innate Abilities, Weirdness & Mutations

You are immune to sickness and miasma.
Your stone body is resilient. (AC +4)
You are immune to poison.
You resist negative energy. (rN+)
You are resistant to electric shocks. (rElec)
You are resistant to unholy torment.
You are immune to petrification.


Message History

You hit Robin.
Robin is almost dead.
Robin hits you but does no damage.
You closely miss Robin.
Robin is almost dead.
Robin hits you but does no damage. Robin misses you.
Grinder says, "FISH!"
Grinder hits you!
You writhe in agony.
You barely miss Robin.
Robin is almost dead.
You hit Grinder. Robin closely misses you.
Grinder blinks!
Robin hits you but does no damage.
You barely miss Robin.
Robin is almost dead.
Your skin stops crawling.
You feel less strong-willed. Robin barely misses you. Grinder gestures at you.
Pain shoots through your body!
Unknown command.
Your skin crawls.
You feel strong-willed.
You feel the effects of Trog's Hand fading.
Robin hits you but does no damage. Grinder gestures at you.
Pain shoots through your body! Robin hits you with a +0 whip.
Unknown command.
You hit Robin but do no damage.
Robin is almost dead.
Robin closely misses you.
You hit Grinder.
Grinder is lightly wounded.
You closely miss Robin.
Robin points. "Kill!"
Robin closely misses you. Grinder hits you!
* * * LOW HITPOINT WARNING * * *
You writhe in agony.
* * * LOW HITPOINT WARNING * * *
Robin says, "Feeling lonely?"
Robin hits you but does no damage. Grinder hits you.
You die...

.... #.####.......#÷###
# .##. ...........###.#
... .#####.#.<....## #
##. #. #.#.###...## #.
....# #.#........##..
#.....####.##..........#
....#..)...............#
#....##))........).##..
#...(g@5<###......)####
#..##.†)).# #......)).##
#####.# #########..# #.#
##.. #.. ##. ###. ####..
## ........ #####...
##..


You could see Grinder (strong) and Robin.

Vanquished Creatures
  A scorpion (D:3)
  A hound (D:3)
  Ijyb (D:3)
  Natasha (D:3)
  An orc wizard (D:3)
  A gnoll (D:1)
  4 adders
  5 orcs (D:3)
  5 ball pythons
  5 endoplasms
  A giant cockroach (D:3)
  8 goblins
  10 hobgoblins
  2 quokkas
  2 bats
  A frilled lizard (D:3)
  7 kobolds
  7 rats
63 creatures vanquished.

Notes
Turn   | Place    | Note
-------+----------+-------------------------------------------
     0 | D:1      | canonizer the Gargoyle Berserker began the quest for the
                  | Orb.
     0 | D:1      | Reached XP level 1. HP: 14/14 MP: 1/1
   295 | D:1      | Reached XP level 2. HP: 19/19 MP: 2/2
   406 | D:1      | Found a faded altar of an unknown god.
   836 | D:1      | Reached XP level 3. HP: 21/24 MP: 3/3
  1810 | D:2      | Reached ** piety under Trog
  2360 | D:3      | Noticed a scorpion
  2372 | D:3      | Killed a scorpion
  2373 | D:3      | Reached XP level 4. HP: 29/29 MP: 4/4
  2442 | D:3      | Reached XP level 5. HP: 29/33 MP: 5/5
  2597 | D:3      | Noticed Natasha
  2608 | D:3      | Killed Natasha
  2609 | D:3      | Reached skill level 1 in Stealth
  2787 | D:3      | Reached XP level 6. HP: 34/38 MP: 6/6
  2858 | D:3      | Noticed Ijyb
  2867 | D:3      | Noticed Robin
  2868 | D:3      | Killed Ijyb
  2875 | D:3      | Noticed Grinder
  2896 | D:3      | HP: 1/38 [Grinder (3)]
  2896 | D:3      | Slain by Grinder

Illustrated notes

Levels and vault maps discovered:
D:1:      erik_arrival_orb_chamber, layout_loops_corners,
          ebering_ecumenical_altar_webs
D:2:      layout_basic, serial_curves, eino_curves_01, eino_curves_04,
          eino_curves_03, eino_curves_02
D:3:      layout_rooms, uniq_grinder, uniq_natasha, uniq_robin, uniq_ijyb

Skill      XL: |  1  2  3  4  5  6 |
---------------+-------------------+-----
Axes           | 3 4 |  4.6
Dodging        | 2 3 |  3.0
Fighting       | 4 |  4.2
Stealth        | 1 |  1.5
Armour         | |  2.3

Action                   |  1- 3 |  4- 6 || total
-------------------------+-------+-------++-------
Melee: Hand axe          |    98 |    78 ||   176
Invok: Berserk           |     3 |     3 ||     6
       Trog's Hand       |       |     2 ||     2
Armor: Animal skin       |    33 |    38 ||    71
Dodge: Dodged            |    47 |    49 ||    96
